 Dungeon Crawl Stone Soup version 0.27.1-33-g824d729ab1 (webtiles) character file.

Game seed: 3144175280530055064

122 halfoni the Chopper (level 5, -1/42 HPs)
             Began as a Human Berserker on Dec 27, 2021.
             Was a Believer of Trog.
             Slain by a scorpion (3 damage)
             ... on level 3 of the Dungeon.
             The game lasted 00:03:41 (2794 turns).

halfoni the Chopper (Human Berserker)               Turns: 2794, Time: 00:03:42

Health: -1/42      AC:  2    Str: 18    XL:     5   Next: 27%
Magic:  5/5        EV: 12    Int:  7    God:    Trog [**....]
Gold:   65         SH:  0    Dex: 13    Spells: 4/4 levels left

rFire    . . .     SeeInvis .   a - +0 hand axe
rCold    . . .     Faith    .   (no shield)
rNeg     . . .     Spirit   .   b - +0 animal skin
rPois    .         Reflect  .   (no helmet)
rElec    .         Harm     .   (no cloak)
rCorr    .         Rampage  .   (no gloves)
Will     .....                  (no boots)
Stlth    +.........             (no amulet)
HPRegen  0.14/turn              (no ring)
MPRegen  0.09/turn              (no ring)

@: lethally poisoned (-1 -> -5), on berserk cooldown
A: no striking features
a: Renounce Religion, Berserk, Trog's Hand


You were on level 3 of the Dungeon.
You worshipped Trog.
Trog was pleased with you.
You visited 1 branch of the dungeon, and saw 3 of its levels.

You collected 65 gold pieces.

Inventory:

Hand Weapons
 a - a +0 hand axe (weapon)
 g - a +0 short sword
 j - a +0 dagger of flaming
Armour
 b - a +0 animal skin (worn)
Jewellery
 f - a ring of magical power
Scrolls
 e - a scroll of amnesia {unknown}
 i - a scroll of magic mapping {unknown}
Potions
 c - 2 potions of attraction {unknown}
 d - a potion of flight {unknown}
 h - 2 potions of curing {unknown}


   Skills:
 + Level 3.6 Fighting
 + Level 4.6 Axes
 + Level 2.2 Armour
 + Level 2.5 Dodging


You had 4 spell levels left.
You didn't know any spells.
Your spell library was empty.

Dungeon Overview and Level Annotations

Branches:
Dungeon (3/15)

Altars:
Vehumet


Message History

You kill the quokka!
Trog accepts your kill.
You completely miss the quokka. You slash the quokka!
You kill the quokka!
Trog accepts your kill.
You closely miss the giant cockroach. You slash the giant cockroach!
You kill the giant cockroach!
Trog accepts your kill.
You start resting.
You feel a strong urge to attack something.
You start resting.
You feel your anger nearly subside.
You are no longer berserk.
You are exhausted.
You feel yourself slow down.
You start resting.
You hear the rusting of a drain very nearby.
Found a stone staircase leading up.
A scorpion comes into view.
You hit the scorpion but do no damage. The scorpion misses you.
The scorpion stings you.
You are poisoned.
The scorpion poisons you!
You hit the scorpion.
The scorpion is moderately wounded.
You feel very sick. The scorpion closely misses you.
You barely miss the scorpion.
The scorpion is moderately wounded.
You feel very sick. The scorpion stings you.
* * * LOW HITPOINT WARNING * * *
The scorpion misses you.
You completely miss the scorpion.
The scorpion is moderately wounded.
You feel yourself speed up.
* * * LOW HITPOINT WARNING * * *
You feel sick. The scorpion misses you. The scorpion stings you.
You die...

#########################
#..............@s...<...#
#..###.####..#.########.#
#..# ### ##'..# ##..#
+≈≈≈≈≈†#..# ....#
+≈≈≈≈≈≈#.## ###.#
###≈≈##+.#
....###.####..##
.............#
####.#...#####


You could see a scorpion.

Vanquished Creatures
  3 gnolls (D:2)
  An adder (D:2)
  A river rat (D:3)
  4 dart slugs
  9 endoplasms
  2 giant cockroaches
  2 goblins (D:1)
  5 hobgoblins
  A jackal (D:1)
  10 kobolds
  3 quokkas
  12 ball pythons
  3 bats (D:1)
  5 frilled lizards (D:1)
  5 rats
66 creatures vanquished.

Notes
Turn   | Place    | Note
-------+----------+-------------------------------------------
     0 | D:1      | halfoni the Human Berserker began the quest for the Orb.
     0 | D:1      | Reached XP level 1. HP: 18/18 MP: 1/1
   241 | D:1      | Found Rietair's Weapon Shoppe.
   265 | D:1      | Reached XP level 2. HP: 24/24 MP: 2/2
   521 | D:1      | Reached XP level 3. HP: 29/29 MP: 3/3
   661 | D:1      | Reached ** piety under Trog
  1492 | D:2      | Found a radiant altar of Vehumet.
  1515 | D:2      | Reached XP level 4. HP: 35/35 MP: 4/4
  1535 | D:2      | Reached skill level 4 in Axes
  1680 | D:2      | Found a faded altar of an unknown god.
  2235 | D:2      | Reached XP level 5. HP: 41/41 MP: 5/5
  2794 | D:3      | HP: 2/42 [poisoned by a scorpion]
  2794 | D:3      | Slain by a scorpion

Illustrated notes

Levels and vault maps discovered:
D:1:      lightli_arrival_maybe_door_vault, layout_loops_ring, serial_shops,
          nicolae_shop_behind_doors, minmay_unequal
D:2:      layout_basic, ebering_ecumenical_altar_sacrificial, basic_altar
D:3:      layout_loops_ring, gup_sewer_entry_bowl, minmay_strange_pillars,
          minmay_misc_feat_diagonals

Skill      XL: |  1  2  3  4 |
---------------+-------------+-----
Axes           | 4 |  4.6
Fighting       | |  3.6
Armour         | |  2.2
Dodging        | |  2.5

Action                   |  1- 3 |  4- 6 || total
-------------------------+-------+-------++-------
Melee: Hand axe          |    98 |    69 ||   167
Invok: Berserk           |     1 |     4 ||     5
 Stab: Sleeping          |     1 |       ||     1
Armor: Animal skin       |    24 |     8 ||    32
Dodge: Dodged            |    65 |    44 ||   109
